APL (24 & UNDER)
SAVANNAH HOGS @ ATHENS ASSASSINS
08/22/2027
 
TOP OF THE 1ST
Savannah Hogs batting - Pitching for Athens Assassins : RHP Júlio Lucchi
Pitching: RHP Júlio Lucchi
Batting: RHB Guillermo González 0-0: Hit by Pitch
Batting: RHB Remi Eruzione 0-0: Called Strike
0-1: Fielders Choice at 2nd, 5-4 (Groundball, 56)
Batting: LHB Jim Clemente 0-0: Foul Ball, location: 2F
0-1: Foul Ball, location: 2F
0-2: Ball
1-2: Ball
Remi Eruzione steals 2nd base
2-2: Ball
3-2: Strikes out swinging
Batting: RHB Sergio Moreno 0-0: Ball
1-0: Ball
2-0: Swinging Strike
2-1: Called Strike
2-2: Strikes out swinging
Top of the 1st over - 0 run(s), 0 hit(s), 0 error(s), 1 left on base; Savannah 0 - Athens 0
BOTTOM OF THE 1ST
Athens Assassins batting - Pitching for Savannah Hogs : RHP Mike Gordon
Pitching: RHP Mike Gordon
Batting: RHB Pedro Tapia 0-0: Swinging Strike
0-1: Foul Ball, location: 2F
0-2: Ball
1-2: Foul Ball, location: 2F
1-2: Strikes out swinging
Batting: RHB James Anderson 0-0: Ball
1-0: Called Strike
1-1: Ball
2-1: Ground out 4-3 (Groundball, 4S)
Batting: RHB Foster Hapgood 0-0: Ground out 4-3 (Groundball, 4)
Bottom of the 1st over - 0 run(s), 0 hit(s), 0 error(s), 0 left on base; Savannah 0 - Athens 0
TOP OF THE 2ND
Savannah Hogs batting - Pitching for Athens Assassins : RHP Júlio Lucchi
Batting: RHB Orlando Márquez 0-0: Swinging Strike
0-1: Swinging Strike
0-2: Ball
1-2: Ball
2-2: Strikes out looking
Batting: LHB Marv Alexander 0-0: Ball
1-0: Called Strike
1-1: Swinging Strike
1-2: Foul Ball, location: 2F
1-2: Strikes out swinging
Pitching: RHP James Mantle
Batting: RHB Henry Dawson 0-0: SOLO HOME RUN (Flyball, 78XD), Distance : 391 ft
Batting: RHB Ramón Gómez 0-0: Called Strike
0-1: Ball
1-1: Ball
2-1: Foul Ball, location: 2F
2-2: Fly out, F7 (Flyball, 7)
Top of the 2nd over - 1 run(s), 1 hit(s), 0 error(s), 0 left on base; Savannah 1 - Athens 0
BOTTOM OF THE 2ND
Athens Assassins batting - Pitching for Savannah Hogs : RHP Mike Gordon
Batting: RHB Jorge Loanos 0-0: Ground out 6-3 (Groundball, 6MS)
Batting: RHB Don Martin 0-0: Ball
1-0: Called Strike
1-1: Foul Ball, location: 2F
1-2: Strikes out looking
Batting: RHB Júlio Castillo 0-0: Called Strike
0-1: Called Strike
0-2: Ball
1-2: Strikes out looking
Bottom of the 2nd over - 0 run(s), 0 hit(s), 0 error(s), 0 left on base; Savannah 1 - Athens 0
TOP OF THE 3RD
Savannah Hogs batting - Pitching for Athens Assassins : RHP James Mantle
Batting: RHB Anastasio Movonda 0-0: Ball
1-0: Ground out 6-3 (Groundball, 6)
Batting: RHB Guillermo González 0-0: Ball
1-0: Ground out 6-3 (Groundball, 6)
Batting: RHB Remi Eruzione 0-0: Ball
1-0: Ball
2-0: Ball
3-0: Base on Balls
Batting: LHB Jim Clemente 0-0: Foul Ball, location: 2F
0-1: Ball
1-1: Foul Ball, location: 2F
1-2: Fly out, F8 (Flyball, 8LM)
Top of the 3rd over - 0 run(s), 0 hit(s), 0 error(s), 1 left on base; Savannah 1 - Athens 0
BOTTOM OF THE 3RD
Athens Assassins batting - Pitching for Savannah Hogs : RHP Mike Gordon
Batting: LHB Jeff Thompson 0-0: Ball
1-0: SOLO HOME RUN (Flyball, 9D), Distance : 371 ft
Batting: RHB Alfonso Flores 0-0: Called Strike
0-1: Called Strike
0-2: Ball
1-2: Foul Ball, location: 2F
1-2: Foul Ball, location: 2F
1-2: Foul Ball, location: 2F
1-2: Fly out, F9 (Flyball, 9S)
Batting: RHB Maximino Abbado 0-0: Fly out, F9 (Flyball, 9S)
Batting: RHB Pedro Tapia 0-0: DOUBLE (Line Drive, 8LD)
Batting: RHB James Anderson 0-0: Ball
1-0: Ball
2-0: Called Strike
2-1: Called Strike
2-2: Ball
3-2: Strikes out swinging
Bottom of the 3rd over - 1 run(s), 2 hit(s), 0 error(s), 1 left on base; Savannah 1 - Athens 1
TOP OF THE 4TH
Savannah Hogs batting - Pitching for Athens Assassins : RHP James Mantle
Batting: RHB Sergio Moreno 0-0: Ball
1-0: Ball
2-0: SINGLE (Groundball, 56D)
Batting: RHB Orlando Márquez 0-0: Swinging Strike
0-1: Swinging Strike
0-2: Strikes out looking
Batting: LHB Marv Alexander 0-0: Called Strike
0-1: 2-RUN HOME RUN (Flyball, 9D), Distance : 381 ft
Batting: RHB Henry Dawson 0-0: Called Strike
0-1: Foul Ball, location: 2F
0-2: Fly out, F9 (Flyball, 9S)
Batting: RHB Ramón Gómez 0-0: Foul Ball, location: 2F
0-1: Ball
1-1: Called Strike
1-2: Ball
2-2: Foul Ball, location: 2F
2-2: Fly out, F8 (Flyball, 8LD)
Top of the 4th over - 2 run(s), 2 hit(s), 0 error(s), 0 left on base; Savannah 3 - Athens 1
BOTTOM OF THE 4TH
Athens Assassins batting - Pitching for Savannah Hogs : RHP Mike Gordon
Batting: RHB Foster Hapgood 0-0: Fly out, F9 (Flyball, 89S)
Batting: RHB Jorge Loanos 0-0: Called Strike
0-1: SINGLE (Groundball, 6MD)
Batting: RHB Don Martin 0-0: Swinging Strike
0-1: Ball
1-1: Ball
2-1: Ball
3-1: Base on Balls
Jorge Loanos to second
Batting: RHB Júlio Castillo 0-0: Called Strike
0-1: Ball
1-1: Called Strike
1-2: Strikes out swinging
Batting: LHB Jeff Thompson 0-0: Ball
1-0: Ball
2-0: Ball
3-0: Base on Balls
Jorge Loanos to third
Don Martin to second
Batting: RHB Alfonso Flores 0-0: Foul Ball, location: 2F
0-1: Swinging Strike
0-2: Ball
1-2: Strikes out swinging
Bottom of the 4th over - 0 run(s), 1 hit(s), 0 error(s), 3 left on base; Savannah 3 - Athens 1
TOP OF THE 5TH
Savannah Hogs batting - Pitching for Athens Assassins : RHP James Mantle
Batting: RHB Anastasio Movonda 0-0: Ball
1-0: Foul Ball, location: 2F
1-1: Fly out, F8 (Flyball, 89M)
Batting: RHB Guillermo González 0-0: Called Strike
0-1: Ball
1-1: SINGLE (Line Drive, 78S)
Batting: RHB Remi Eruzione 0-0: Ball
Guillermo González is caught stealing 2nd base
1-0: Ball
2-0: Ball
3-0: Base on Balls
Batting: LHB Jim Clemente 0-0: Ball
1-0: Fielders Choice at 2nd, 4-6 (Groundball, 4)
Top of the 5th over - 0 run(s), 1 hit(s), 0 error(s), 0 left on base; Savannah 3 - Athens 1
BOTTOM OF THE 5TH
Athens Assassins batting - Pitching for Savannah Hogs : RHP Mike Gordon
Batting: RHB Maximino Abbado 0-0: Ball
1-0: Ball
2-0: Fly out, F9 (Flyball, 9)
Batting: RHB Pedro Tapia 0-0: Foul Ball, location: 2F
0-1: Foul Ball, location: 2F
0-2: Ground out 5-3 (Groundball, 56)
Batting: RHB James Anderson 0-0: Ball
1-0: Foul Ball, location: 2F
1-1: Foul Ball, location: 2F
1-2: Foul Ball, location: 2F
1-2: Foul Ball, location: 2F
1-2: Ball
2-2: Foul Ball, location: 2F
2-2: Ball
3-2: Base on Balls
Batting: RHB Foster Hapgood 0-0: Ball
1-0: Ball
2-0: SINGLE (Groundball, 34S) (infield hit)
James Anderson to second
Batting: RHB Jorge Loanos 0-0: Swinging Strike
0-1: Foul Ball, location: 2F
0-2: Ball
1-2: Strikes out looking
Bottom of the 5th over - 0 run(s), 1 hit(s), 0 error(s), 2 left on base; Savannah 3 - Athens 1
TOP OF THE 6TH
Savannah Hogs batting - Pitching for Athens Assassins : RHP James Mantle
Pitching: RHP Kieron Lahyani
Batting: RHB Sergio Moreno 0-0: Ball
1-0: Foul Ball, location: 2F
1-1: Fly out, F8 (Flyball, 8LM)
Batting: RHB Orlando Márquez 0-0: Ball
1-0: Called Strike
1-1: Ball
2-1: Called Strike
2-2: Ground out 4-3 (Groundball, 4)
Batting: LHB Marv Alexander 0-0: Called Strike
0-1: Ball
1-1: Ball
2-1: Ground out U3 (Groundball, 3)
Top of the 6th over - 0 run(s), 0 hit(s), 0 error(s), 0 left on base; Savannah 3 - Athens 1
BOTTOM OF THE 6TH
Athens Assassins batting - Pitching for Savannah Hogs : RHP Mike Gordon
Batting: RHB Don Martin 0-0: Ball
1-0: Ball
2-0: Called Strike
2-1: Ball
3-1: Foul Ball, location: 2F
3-2: Foul Ball, location: 2F
3-2: Base on Balls
Pitching: RHP Nelson Cruz
Batting: RHB Júlio Castillo 0-0: Ball
1-0: Grounds into double play, 5-4-3 (Groundball, 56)
Batting: LHB Jeff Thompson 0-0: Swinging Strike
0-1: Ground out 3-1 (Groundball, 3S)
Bottom of the 6th over - 0 run(s), 0 hit(s), 0 error(s), 0 left on base; Savannah 3 - Athens 1
TOP OF THE 7TH
Savannah Hogs batting - Pitching for Athens Assassins : RHP Kieron Lahyani
Batting: RHB Henry Dawson 0-0: Ball
1-0: Ball
2-0: Called Strike
2-1: DOUBLE (Flyball, 9LM)
Batting: RHB Ramón Gómez 0-0: Called Strike
0-1: Called Strike
Henry Dawson is caught stealing 3rd base
0-2: Ball
1-2: Foul Ball, location: 2F
1-2: Ball
2-2: Strikes out swinging
Batting: RHB Anastasio Movonda 0-0: Ball
1-0: Ball
2-0: Ball
3-0: Base on Balls
Batting: RHB Guillermo González 0-0: Ball
1-0: SINGLE (Flyball, 8LS)
Anastasio Movonda to second
Runner from 2nd tries for 3rd, SAFE, throw made to third
Pinch Hitting: LHB Juan Delgado 0-0: Called Strike
0-1: Ball
1-1: Called Strike
1-2: Strikes out looking
Top of the 7th over - 0 run(s), 2 hit(s), 0 error(s), 2 left on base; Savannah 3 - Athens 1
BOTTOM OF THE 7TH
Athens Assassins batting - Pitching for Savannah Hogs : RHP Nelson Cruz
Now in LF: Juan Delgado
Batting: RHB Alfonso Flores 0-0: Ball
1-0: Foul Ball, location: 2F
1-1: Ball
2-1: Swinging Strike
2-2: Strikes out looking
Batting: RHB Maximino Abbado 0-0: Swinging Strike
0-1: Ball
1-1: Fly out, F6 (Line Drive, 6)
Batting: RHB Pedro Tapia 0-0: Called Strike
0-1: Ball
1-1: Called Strike
1-2: Foul Ball, location: 2F
1-2: Foul Ball, location: 2F
1-2: Foul Ball, location: 2F
1-2: Ball
2-2: Foul Ball, location: 2F
2-2: Foul Ball, location: 2F
2-2: Foul Ball, location: 2F
2-2: Ball
3-2: Base on Balls
Batting: RHB James Anderson 0-0: Called Strike
0-1: Foul Ball, location: 2F
0-2: Ball
1-2: Fly out, F9 (Flyball, 9S)
Bottom of the 7th over - 0 run(s), 0 hit(s), 0 error(s), 1 left on base; Savannah 3 - Athens 1
TOP OF THE 8TH
Savannah Hogs batting - Pitching for Athens Assassins : RHP Kieron Lahyani
Batting: LHB Jim Clemente 0-0: Swinging Strike
0-1: Called Strike
0-2: Ball
1-2: Foul Ball, location: 2F
1-2: Ball
2-2: Ball
3-2: Foul Ball, location: 2F
3-2: Foul Ball, location: 2F
3-2: Base on Balls
Batting: RHB Sergio Moreno 0-0: Ball
1-0: Ball
2-0: DOUBLE (Line Drive, 7LS)
Jim Clemente to third
Batting: RHB Orlando Márquez 0-0: Called Strike
0-1: Ground out 5-3 (Groundball, 5S)
Pinch Hitting: LHB Guillermo Santos 0-0: Intentional Walk
Pinch Hitting: LHB Miguel Medellín 0-0: Swinging Strike
0-1: Grounds into fielders choice 3-2 (Groundball, 3)
Sergio Moreno to third
Guillermo Santos to second
Pitching: RHP León Delgado
Pinch Hitting: LHB Ivan Costello 0-0: Ball
1-0: Foul Ball, location: 2F
1-1: Swinging Strike
1-2: Strikes out swinging
Top of the 8th over - 0 run(s), 1 hit(s), 0 error(s), 3 left on base; Savannah 3 - Athens 1
BOTTOM OF THE 8TH
Athens Assassins batting - Pitching for Savannah Hogs : RHP Nelson Cruz
Now at 2B: Ivan Costello
Now at 3B: Luis González
Now in RF: Guillermo Santos
Batting: RHB Foster Hapgood 0-0: Ball
1-0: Ball
2-0: Called Strike
2-1: Called Strike
2-2: Foul Ball, location: 2F
2-2: SINGLE (Line Drive, 56D)
Batting: RHB Jorge Loanos 0-0: Called Strike
0-1: Called Strike
0-2: Fielders Choice at 2nd, 5-4 (Groundball, 56)
Batting: RHB Don Martin 0-0: Foul Ball, location: 2F
0-1: Foul Ball, location: 2F
0-2: Strikes out swinging
Batting: RHB Júlio Castillo 0-0: Swinging Strike
0-1: Ball
1-1: Called Strike
1-2: Foul Ball, location: 2F
1-2: Ball
2-2: Fielders Choice at 2nd, U6 (Groundball, 6M)
Bottom of the 8th over - 0 run(s), 1 hit(s), 0 error(s), 1 left on base; Savannah 3 - Athens 1
TOP OF THE 9TH
Savannah Hogs batting - Pitching for Athens Assassins : RHP León Delgado
Pitching: RHP Jason Mason
Batting: RHB Anastasio Movonda 0-0: Ball
1-0: Called Strike
1-1: Ball
2-1: Called Strike
2-2: Strikes out swinging
Batting: RHB Guillermo González 0-0: Foul Ball, location: 2F
0-1: SINGLE (Flyball, 8LS)
Batting: LHB Juan Delgado 0-0: Ball
1-0: Ball
Guillermo González is caught stealing 2nd base
2-0: Foul Ball, location: 2F
2-1: Ball
3-1: Foul Ball, location: 2F
3-2: SINGLE (Flyball, 7S)
Batting: LHB Jim Clemente 0-0: Ball
1-0: SINGLE (Line Drive, 6MD)
Juan Delgado to second
Batting: RHB Sergio Moreno 0-0: Called Strike
0-1: Ball
1-1: Called Strike
1-2: Ball
2-2: Fielders Choice at 2nd, 6-4 (Groundball, 6)
Top of the 9th over - 0 run(s), 3 hit(s), 0 error(s), 1 left on base; Savannah 3 - Athens 1
BOTTOM OF THE 9TH
Athens Assassins batting - Pitching for Savannah Hogs : RHP Nelson Cruz
Pitching: RHP Danny Lee
Batting: LHB Jeff Thompson 0-0: Ball
1-0: Called Strike
1-1: Ball
2-1: Foul Ball, location: 2F
2-2: Ground out 4-3 (Groundball, 4MS)
Batting: RHB Alfonso Flores 0-0: Ball
1-0: Swinging Strike
1-1: Ball
2-1: Ball
3-1: Swinging Strike
3-2: Strikes out swinging
Batting: RHB Maximino Abbado 0-0: Swinging Strike
0-1: Called Strike
0-2: Ball
1-2: Strikes out swinging
Bottom of the 9th over - 0 run(s), 0 hit(s), 0 error(s), 0 left on base; Savannah 3 - Athens 1
Thursday, March 30th, 2017 - OOTP Baseball 17.12 Build 75